 Dungeon Crawl Stone Soup version 0.30-a0-737-gf23d94013f (webtiles) character file.

Game seed: 13549525777141447678

39792 jimonade the Marksant (level 14, -14/110 HPs)
             Began as a Formicid Hunter on Feb 1, 2023.
             Was the Champion of Okawaru.
             Killed by the air
             ... invoked by a wind drake
              (21 damage)
             ... on level 5 of the Lair of Beasts.
             The game lasted 00:51:25 (14814 turns).

jimonade the Marksant (Formicid Hunter)            Turns: 14814, Time: 00:51:26

Health: -14/110    AC: 15    Str: 15    XL:     14   Next: 41%
Magic:  16/22      EV: 17    Int: 11    God:    Okawaru [******]
Gold:   2153       SH: 14    Dex: 27    Spells: 13/13 levels left

rFire   + + .      SeeInvis +    a - +2 shortbow (flame)
rCold   + . .      Faith    .    x - +0 buckler of the Guardian {-Cast rF++ rC+ rCorr}
rNeg    . . .      Spirit   .    c - +0 swamp dragon scales
rPois   +          Reflect  +    (helmet unavailable)
rElec   .          Harm     .    (no cloak)
rCorr   +          Rampage  .    l - +0 pair of gloves
Will    ++...      NoCast   +    k - +2 pair of boots
Stlth   +++                      D - amulet of reflection
HPRegen 0.38/turn                S - ring of willpower
MPRegen 0.18/turn                T - +6 ring of dexterity

@: heroic, finesse-ful
A: permanent stasis, dig shafts and tunnels, antennae 3, four strong arms
a: Dig, Shaft Self, Renounce Religion, Heroism, Finesse, Duel


You were on level 5 of the Lair of Beasts.
You worshipped Okawaru.
Okawaru was exalted by your worship.
You visited 3 branches of the dungeon, and saw 16 of its levels.
You also visited: Volcano.

You collected 2153 gold pieces.

Inventory:

Hand Weapons
 a - a +2 shortbow of flaming (weapon)
 y - a +2 great sword of flaming
 Y - a +0 arbalest of flaming
 Z - a +2 hand crossbow of flaming
Missiles
 i - 6 throwing nets
 C - 43 poisoned darts
Armour
 c - +0 swamp dragon scales (worn)
 k - a +2 pair of boots (worn)
 l - a +0 pair of gloves (worn)
 m - +0 fire dragon scales
 x - the +0 buckler of the Guardian (worn) {-Cast rF++ rC+ rCorr}
   (You acquired it on level 6 of the Dungeon)

   rF:        It greatly protects you from fire.
   rC:        It protects you from cold.
   -Cast:     It prevents spellcasting.
   rCorr:     It protects you from acid and corrosion.
 F - a +1 robe of cold resistance
 H - a +2 scale mail of fire resistance
 J - a +0 troll leather armour
 U - a +3 plate armour of willpower
 X - a +2 leather armour of fire resistance
Jewellery
 b - a ring of flight
 n - a ring of poison resistance
 t - a +4 ring of slaying
 z - the ring "Meanigge" {Wiz rN+ rCorr}
   (You acquired it on level 6 of the Dungeon)

   [ring of wizardry]

   It improves your spell success rate.
   rN:        It protects you from negative energy.
   rCorr:     It protects you from acid and corrosion.
 A - a ring of protection from cold
 D - an amulet of reflection (around neck)
 I - a +6 ring of intelligence
 S - a ring of willpower (left hand)
 T - a +6 ring of dexterity (right hand)
Wands
 u - a wand of mindburst (7)
 w - a wand of iceblast (14)
 L - a wand of charming (1)
 O - a wand of flame (5)
 Q - a wand of light (5)
Scrolls
 p - 3 scrolls of enchant armour
 q - 4 scrolls of immolation
 G - 3 scrolls of summoning {unknown}
 K - a scroll of amnesia
 P - 2 scrolls of silence
 R - a scroll of enchant weapon
 V - a scroll of poison {unknown}
Potions
 d - 3 potions of might
 e - 4 potions of mutation
 f - a potion of ambrosia {unknown}
 g - 3 potions of flight
 h - a potion of resistance {unknown}
 j - a potion of invisibility {unknown}
 o - 5 potions of cancellation
 r - 3 potions of haste
 s - a potion of magic {unknown}
 v - 5 potions of attraction
 B - 4 potions of curing
 E - 3 potions of brilliance
 M - 2 potions of lignification
 N - a potion of berserk rage


   Skills:
 - Level 10.2(15.2) Fighting
 + Level 18.4(23.4) Ranged Weapons
 + Level 5.7(10.7) Armour
 - Level 2.4(7.4) Dodging
 - Level 1.2(6.2) Stealth
 + Level 8.8(13.8) Shields
 * Level 10.8 Invocations


You had 13 spell levels left.
You didn't know any spells.
Your spell library contained the following spells:

 Spells                   Type           Power      Damage    Failure   Level
 Apportation              Tloc           0%         N/A       56%         1
 Kiss of Death            Conj/Necr      0%         2d5       56%         1
 Necrotise                Necr           0%         1d4       56%         1
 Scorch                   Fire           0%         2d5       71%         2
 Mephitic Cloud           Conj/Pois/Air  0%         N/A       90%         3
 Stone Arrow              Conj/Erth      0%         3d7       90%         3
 Vhi's Electric Charge    Tloc/Air       0%         N/A       90%         3
 Flame Wave               Conj/Fire      0%         2d4       100%        4
 Alistair's Intoxication  Tmut/Pois      0%         N/A       100%        5
 Arcjolt                  Conj/Air       0%         1d10      100%        5
 Eringya's Noxious Bog    Tmut/Pois      0%         N/A       100%        6
 Orb of Destruction       Conj           0%         9d5       100%        7
 Lehudib's Crystal Spear  Conj/Erth      0%         10d2      100%        8
 Maxwell's Capacitive Co  Air            0%         ∞         100%        8
 Summon Guardian Golem    Hex/Summ       Unusable   N/A       N/A         3
 Animate Armour           Summ/Erth      Unusable   N/A       N/A         4
 Summon Forest            Summ/Tloc      Unusable   N/A       N/A         5
 Summon Cactus Giant      Summ           Unusable   N/A       N/A         6
 Spellforged Servitor     Conj/Summ      Unusable   N/A       N/A         7

Dungeon Overview and Level Annotations

Branches:
Dungeon (10/15)            Temple (1/1) D:5            Lair (5/5) D:9
 Shoals (0/4) Lair:2       Spider (0/4) Lair:2        Slime (0/5) Lair:4
    Orc (0/2) D:10        Volcano (visited)

Altars:
Ashenzari
Cheibriados
Dithmenos
Elyvilon
Fedhas
Gozag
Hepliaklqana
Kikubaaqudgha
Makhleb
Nemelex Xobeh
Okawaru
Qazlal
Ru
Sif Muna
Trog
Uskayaw
Vehumet
Wu Jian
Xom
Yredelemnul
Zin
The Shining One
Jiyva

Shops:
D:3 :   D:7 *

Annotations:
D:3 1 runed translucent door
D:4 1 runed translucent door, Crazy Yiuf


Innate Abilities, Weirdness & Mutations

You cannot be hasted, slowed, berserked, paralysed or teleported.
You can dig through walls and to a lower floor.
You have a pair of large antennae on your head. (SInv)
Your four strong arms can wield two-handed weapons with a shield.


Message History

Press: ? - help, Q - select action, (/) - cycle Shift-Dir - straight line, f/p - sea snake
Aim: a sea snake (severely wounded, 69% to hit)
You shoot an arrow.
The arrow barely misses the komodo dragon.
The arrow barely misses the sea snake.
Fire: a) +2 shortbow (flame)
Press: ? - help, Q - select action, (/) - cycle Shift-Dir - straight line, f/p - sea snake
Aim: a sea snake (severely wounded, 69% to hit)
You shoot an arrow. The arrow hits the komodo dragon.
The arrow burns the komodo dragon.
The komodo dragon is lightly wounded.
Fire: a) +2 shortbow (flame)
Press: ? - help, Q - select action, (/) - cycle Shift-Dir - straight line, f/p - sea snake
Aim: a sea snake (severely wounded, 69% to hit)
You shoot an arrow.
The arrow hits the komodo dragon but does no damage.
The komodo dragon is lightly wounded.
Fire: a) +2 shortbow (flame)
Press: ? - help, Q - select action, (/) - cycle Shift-Dir - straight line, f/p - sea snake
Aim: a sea snake (severely wounded, 69% to hit)
You shoot an arrow. The arrow hits the komodo dragon.
The arrow burns the komodo dragon.
The komodo dragon is lightly wounded.
The komodo dragon misses you.
Fire: a) +2 shortbow (flame)
Press: ? - help, Q - select action, (/) - cycle Shift-Dir - straight line, f/p - sea snake
Aim: a sea snake (severely wounded, 69% to hit)
You shoot an arrow.
The arrow barely misses the komodo dragon.
The arrow hits the sea snake!
The arrow burns the sea snake.
The sea snake is almost dead.
Fire: a) +2 shortbow (flame)
Press: ? - help, Q - select action, (/) - cycle Shift-Dir - straight line, f/p - sea snake
Aim: a sea snake (almost dead, 69% to hit)
You shoot an arrow.
The arrow hits the komodo dragon but does no damage.
The komodo dragon is lightly wounded.
The wind drake flaps its wings at you. The air twists around and strikes you!!
You die...

~..~.~~~~.~~~~~~~~~..........###
.........###~###............##
.........# ####............## #
........## #.#.......###.# #
........# ##.........# ### ##
........#####..S..k....## #.
.........##P.#.........†## ##
...............l.......†.# #.
...............@......#### #.
.........#..........### ####.
............†.†.....# ###.#..
...........†....##..# #..#...
...............P##### ##.....
...............## #......
..........)....# ###.....#
..............# #.....###
..............#.#### ####...###


You could see a sea snake, a wind drake (repels missiles) and a komodo dragon.

Vanquished Creatures
  A hydra (Lair:5)
  Erolcha (D:9)
  2 boulder beetles
  A catoblepas (Lair:3)
  A two-headed ogre (D:9)
  An alligator (Lair:4)
  7 death yaks (D:9)
  2 swamp dragons (Lair:4)
  Pikel (D:9)
  A deep elf archer (Volcano)
  5 deep elf pyromancers (Volcano)
  Joseph (D:7)
  13 cane toads
  4 rime drakes
  10 komodo dragons
  3 tyrant leeches (Lair:4)
  4 polar bears
  A troll (D:8)
  3 hornets
  21 blink frogs
  A shadow (D:10)
  33 yaks
  3 fire elementals (Volcano)
  5 wyverns
  5 basilisks
  3 swamp worms (Lair:4)
  7 water moccasins
  9 hell hounds (Volcano)
  2 swamp drakes (Lair:4)
  An ice beast (D:7)
  2 orc warriors
  2 sky beasts (D:6)
  3 black bears
  An ogre (D:6)
  9 wolves
  A centaur (D:8)
  3 lemures (D:9)
  5 kobold brigands
  5 bullfrogs
  A gnoll sergeant (D:6)
  A necrophage (D:6)
  7 killer bees
  5 howler monkeys
  An electric eel (Lair:2)
  2 hounds
  7 jellies
  A gnoll bouda (D:9)
  5 orc priests
  11 orc wizards
  A human skeleton (D:3)
  Natasha (thrice) (D:4)
  17 iguanas
  14 gnolls
  9 adders
  A white imp (D:6)
  An ufetubus (D:7)
  A worm (D:2)
  3 dart slugs
  47 orcs
  20 endoplasms
  6 giant cockroaches
  9 goblins
  4 hobgoblins
  2 jackals (D:1)
  6 quokkas
  7 ball pythons
  3 bats
  22 frilled lizards
  A jackal skeleton (D:3)
  29 kobolds
  4 rats
  A toadstool (D:2)
435 creatures vanquished.

Vanquished Creatures (others)
  A deep elf pyromancer (Volcano)
  14 fungi
  37 plants
  9 toadstools (D:2)
61 creatures vanquished.

Grand Total: 496 creatures vanquished

Notes
Turn   | Place    | Note
-------+----------+-------------------------------------------
     0 | D:1      | jimonade the Formicid Hunter began the quest for the Orb.
     0 | D:1      | Reached XP level 1. HP: 16/16 MP: 1/1
   112 | D:1      | Reached XP level 2. HP: 23/23 MP: 2/2
   298 | D:1      | Reached XP level 3. HP: 21/28 MP: 3/3
   523 | D:1      | Found a faded altar of an unknown god.
   850 | D:2      | Reached skill level 5 in Ranged Weapons
   850 | D:2      | Reached XP level 4. HP: 34/34 MP: 4/4
   928 | D:2      | Reached XP level 5. HP: 39/39 MP: 5/5
  1326 | D:3      | Reached skill level 6 in Ranged Weapons
  1770 | D:3      | Reached skill level 1 in Armour
  1837 | D:3      | Reached XP level 6. HP: 46/46 MP: 6/6
  1881 | D:3      | Found Toqil's Book Boutique.
  1897 | D:3      | Found a runed translucent door.
  1898 | D:3      | Found a basalt altar of Yredelemnul.
  1898 | D:3      | Noticed a human
  1960 | D:3      | Found a hide-covered altar of Uskayaw.
  2066 | D:3      | Found a faded altar of an unknown god.
  2070 | D:3      | Found a sparkling altar of Nemelex Xobeh.
  2339 | D:4      | Identified the +2 helmet of the Tanner {-Tele rPois Int+3
                  | Dex+2}
  2388 | D:4      | Reached skill level 7 in Ranged Weapons
  2393 | D:4      | Noticed Natasha
  2401 | D:4      | Killed Natasha
  2495 | D:4      | Noticed Natasha
  2500 | D:4      | Found a blossoming altar of Fedhas.
  2515 | D:4      | Killed Natasha
  2539 | D:4      | Reached XP level 7. HP: 51/52 MP: 7/7
  2771 | D:4      | Noticed Natasha
  2775 | D:4      | Killed Natasha
  2930 | D:4      | Found a runed translucent door.
  2931 | D:4      | Noticed Crazy Yiuf
  3135 | D:5      | Entered Level 5 of the Dungeon
  3187 | D:5      | Found a staircase to the Ecumenical Temple.
  3198 | Temple   | Entered the Ecumenical Temple
  3370 | Temple   | Became a worshipper of Warmaster Okawaru
  3817 | D:5      | Reached skill level 8 in Ranged Weapons
  4379 | D:6      | Reached XP level 8. HP: 39/59 MP: 8/8
  4389 | D:6      | Reached * piety under Okawaru
  4586 | D:6      | Reached skill level 9 in Ranged Weapons
  4728 | D:6      | Reached skill level 10 in Ranged Weapons
  4891 | D:6      | Found a glowing silver altar of Zin.
  4942 | D:6      | Reached ** piety under Okawaru
  4943 | D:6      | Reached XP level 9. HP: 46/65 MP: 9/9
  5117 | D:6      | Found an ancient bone altar of Kikubaaqudgha.
  5554 | D:6      | Identified 3 scrolls of acquirement
  5554 | D:6      | Acquired 698 gold pieces
  5559 | D:6      | Acquired the ring "Meanigge" {Wiz rN+ rCorr}
  5563 | D:6      | Acquired the +0 buckler of the Guardian {-Cast rF++ rC+
                  | rCorr}
  5642 | D:7      | Noticed Joseph
  5696 | D:6      | Reached skill level 11 in Ranged Weapons
  5958 | D:7      | Found Taoq's Island Escapes.
  6106 | D:7      | Found a glowing golden altar of the Shining One.
  6205 | D:7      | Killed Joseph
  6547 | D:7      | Reached skill level 5 in Fighting
  6547 | D:7      | Reached skill level 12 in Ranged Weapons
  6751 | D:7      | Identified the +7 hand axe of Boismerujo {flame, rElec
                  | rCorr}
  7062 | D:8      | Reached skill level 1 in Shields
  7076 | D:8      | Reached *** piety under Okawaru
  7077 | D:8      | Reached XP level 10. HP: 60/72 MP: 10/10
  7167 | D:8      | Identified the +3 quarterstaff of Dismay {freeze, *Rage Fly
                  | Str+8}
  7225 | D:8      | Got the Handbook of Poison and Portals
  7666 | D:9      | Noticed a death yak
  7744 | D:9      | Noticed a death yak
  7745 | D:9      | Reached skill level 1 in Invocations
  7772 | D:8      | Reached skill level 13 in Ranged Weapons
  8164 | D:9      | Noticed Pikel
  8180 | D:9      | Killed Pikel
  8290 | D:9      | Noticed a death yak
  8324 | D:9      | Killed a death yak
  8324 | D:9      | Received a gift from Okawaru
  8396 | D:9      | Reached skill level 14 in Ranged Weapons
  8400 | D:9      | Reached **** piety under Okawaru
  8401 | D:9      | Reached XP level 11. HP: 63/81 MP: 13/13
  8450 | D:9      | Noticed a death yak
  8497 | D:9      | Found a staircase to the Lair.
  8506 | D:9      | Found a snail-covered altar of Cheibriados.
  8527 | D:9      | Noticed Erolcha
  8532 | D:9      | Killed Erolcha
  8619 | D:9      | Noticed a death yak
  8641 | D:9      | Killed a death yak
  8726 | D:9      | Killed a death yak
  8727 | D:9      | Reached skill level 15 in Ranged Weapons
  8736 | D:9      | Killed a death yak
  8737 | D:9      | Noticed a death yak
  8739 | D:9      | Noticed a death yak
  8744 | D:9      | Killed a death yak
  8744 | D:9      | Reached ***** piety under Okawaru
  8748 | D:9      | Killed a death yak
  8749 | D:9      | Reached skill level 5 in Invocations
  8755 | D:9      | Killed a death yak
  8893 | D:9      | Noticed a two-headed ogre
  8899 | D:9      | Killed a two-headed ogre
  8899 | D:9      | Received a gift from Okawaru
  8900 | D:9      | Reached XP level 12. HP: 91/91 MP: 12/16
  9016 | D:10     | Entered Level 10 of the Dungeon
  9028 | D:10     | Reached skill level 16 in Ranged Weapons
  9115 | D:10     | Found a white marble altar of Elyvilon.
  9365 | D:10     | Reached skill level 5 in Shields
  9382 | D:10     | Found a staircase to the Orcish Mines.
  9621 | D:10     | Upgraded the game from 0.30-a0-728-gc68057be0a to
                  | 0.30-a0-737-gf23d94013f
  9758 | Lair:1   | Entered Level 1 of the Lair of Beasts
 10063 | Lair:1   | HP: 2/95 [yak (13)]
 10317 | Lair:1   | Reached XP level 13. HP: 67/103 MP: 17/19
 10380 | Lair:1   | Reached skill level 10 in Fighting
 10612 | Lair:1   | Acquired a +0 longbow of flaming
 11025 | Lair:2   | Found a hole to the Spider Nest.
 11187 | Lair:2   | Found a staircase to the Shoals.
 11682 | Lair:2   | Found a dark tunnel.
 11687 | Volcano  | Entered a volcano
 11710 | Volcano  | Reached skill level 17 in Ranged Weapons
 11860 | Volcano  | Identified the +6 quarterstaff of Ydownuru {freeze, rElec
                  | rF+ rN+ Str-5} (Okawaru gifted it to you in a volcano)
 11860 | Volcano  | Received a gift from Okawaru
 12617 | Lair:3   | Got Ruidocs's Thoughts on the Grave and Ozone
 12779 | Lair:3   | Noticed a catoblepas
 12795 | Lair:3   | Killed a catoblepas
 12796 | Lair:3   | Reached skill level 5 in Armour
 12832 | Lair:3   | Reached skill level 10 in Invocations
 13190 | Lair:4   | Reached ****** piety under Okawaru
 13228 | Lair:4   | Reached XP level 14. HP: 104/110 MP: 21/21
 13361 | Lair:4   | Found a viscous altar of Jiyva.
 13363 | Lair:4   | Found a staircase to the Slime Pits.
 13410 | Lair:4   | Received a gift from Okawaru
 13596 | Lair:4   | Reached skill level 18 in Ranged Weapons
 14508 | Lair:5   | Entered Level 5 of the Lair of Beasts
 14803 | Lair:5   | HP: 3/110 [komodo dragon (18)]
 14814 | Lair:5   | Killed from afar by a wind drake

Illustrated notes

Levels and vault maps discovered:
D:1:      lightli_arrival_statue_moat, layout_rooms,
          hellmonk_ecumenical_altar_zigzags, serial_glass, glass_columns_c,
          glass_columns_a, minmay_misc_feat_cross, dreamdust_princess_corridor
D:2:      cheibrodos_fertilizer, layout_loops_cross, minmay_hedge_maze
D:3:      layout_basic, nicolae_overflow_ecumenical_swirl,
          dk_yredelemnul_ordeal, mainiacjoe_overflow_paths, serial_shops,
          nicolae_lakefront_shop
D:4:      layout_loops_ring, amcnicky_altar_gilded, minmay_cupped,
          uniq_crazy_yiuf_cottage, uniq_natasha
D:5:      nicolae_cairo_tiling_very_big, layout_loops_ring,
          minmay_temple_entry_antechambers, kennysheep_minor_cross,
          hangedman_abyss_or_decor_passed, minmay_lizard_king
D:6:      layout_loops_ring, overflow_temple_1_default, kennysheep_mini,
          lexackson_kobold_supper
D:7:      layout_basic, tso_metal_star, enter_bailey_2, nicolae_island_escapes,
          uniq_joseph
D:8:      layout_rooms, kennysheep_path_1
D:9:      layout_roguey, cheibriados_altar_1, dpeg_lair_monsters, uniq_erolcha,
          uniq_pikel
D:10:     layout_rooms, elyvilon_altar_1, hiddenorc1_lemuel
Temple:   nicolae_temple_bog_church
Lair:1:   lemuel_reptile_caves, layout_chaotic_city, grunt_megastairs_4
Lair:2:   layout_gridlike, elwin_shoals_entry_rocks,
          spider_nest_entry_web_field, enter_volcano_4, hibernation_bobbens,
          serial_bayou_shore_b, lemuel_fruit_tree, infiniplex_staircase_pool_2
Lair:3:   layout_chaotic_city, minivault_19, nzn_sisyphean_effort
Lair:4:   onia_ninara_swampy_vault, layout_cave_pods,
          nicolae_slime_entry_slimehenge
Lair:5:   gammafunk_lair_ancient_temple, layout_hall_layers

Skill      XL: |  1  2  3  4  5  6  7  8  9 10 11 12 13 14 |
---------------+-------------------------------------------+-----
Dodging        | 2 |  2.4
Ranged Weapons | 5 6 7 8 10 12 14 15 16 17 18 | 18.4
Armour         | 1 2 3 5 |  5.7
Fighting       | 3 4 5 6 7 9 10 | 10.2
Shields        | 1 3 4 6 7 8 |  8.8
Invocations    | 3 5 8 10 | 10.8
Stealth        | |  1.2

Action                     |  1- 3 |  4- 6 |  7- 9 | 10-12 | 13-15 || total
---------------------------+-------+-------+-------+-------+-------++-------
   Fire: Shortbow          |    70 |   204 |   328 |   513 |   404 ||  1519
         Hand crossbow     |       |       |       |       |   184 ||   184
         Longbow           |       |       |       |       |    15 ||    15
 Invoke: Heroism           |       |       |     2 |    12 |     3 ||    17
         Finesse           |       |       |       |     4 |     1 ||     5
Ability: Dig               |       |       |     1 |       |       ||     1
    Use: Scroll            |       |       |    15 |       |     9 ||    24
         Potion            |       |       |       |       |     1 ||     1
 Armour: Leather armour    |    11 |    31 |    47 |    15 |       ||   104
         Troll leather arm |       |       |       |    23 |    32 ||    55
         Swamp dragon scal |       |       |       |       |    34 ||    34
  Dodge: Dodged            |    14 |    67 |    92 |    84 |   104 ||   361
  Block: Buckler           |       |       |    13 |   103 |   149 ||   265
         Reflection        |       |       |     5 |     2 |     1 ||     8
         Other             |       |       |     3 |       |       ||     3

Table legend: (Time is in decaauts)
 A = Elapsed time spent in this place.
 B = Non-inter-level travel time spent in this place.
 C = Inter-level travel time spent in this place.
 D = Time resting spent in this place.
 E = Time spent auto-exploring this place.
 F = Levels seen in this place.
 G = Mean time per level.
                   A        B        C        D        E       F      G
               +--------+--------+--------+--------+--------+-----+--------+
         Total |  14811 |  13906 |    905 |    706 |   9503 |  17 |  871.2 |
       Dungeon |   9664 |   9020 |    644 |    579 |   6347 |  10 |  966.4 |
        Temple |    198 |    181 |     17 |      0 |    161 |   1 |  198.0 |
          Lair |   4509 |   4265 |    244 |     50 |   2956 |   5 |  901.8 |
       Volcano |    439 |    439 |      0 |     77 |     38 |   1 |  439.0 |
               +--------+--------+--------+--------+--------+-----+--------+

Top non-repeatable levels by time:
     D:6: 1396 daAuts
  Lair:4: 1326 daAuts
     D:5: 1199 daAuts
     D:7: 1162 daAuts
  Lair:1: 1160 daAuts
     D:8: 1083 daAuts
     D:4: 1040 daAuts
     D:9: 1029 daAuts
  Lair:2: 899 daAuts
  Lair:3: 835 daAuts
     D:1: 748 daAuts
     D:2: 710 daAuts
     D:3: 704 daAuts
    D:10: 592 daAuts
 Volcano: 439 daAuts
